Construct Section Command Post
Construct Platoon Command Post
6-pounder Anti-tank Gun Team
Construct Company Command Post
Construct Company Command Post
6-pounder Anti-tank Gun Team
6-pounder Anti-tank Gun Team
Selects Heavy Armor Battlegroup
Selects Rigorous Vehicle Training
Selects Forward Repair Assembly
Construct Field Infirmary
Selects Churchill Black Prince Heavy Tank
Churchill Black Prince Heavy Tank
Unlock Towed 17-pounder Anti-tank Guns
Selects Light Vehicle Withdraw and Refit
Selects Light Vehicle Withdraw and Refit
Churchill Black Prince Heavy Tank